 Dungeon Crawl Stone Soup version 0.26.0-45-g9c1d065592 (webtiles) character file.

Game seed: 5051782305876148628

(classic levelgen) 9662 thiole the Arsonist (level 11, 0/72 HPs)
             Began as an Octopode Venom Mage on Jan 31, 2021.
             Was an Initiate of Gozag.
             Slain by a red ugly thing (4 damage)
             ... on level 11 of the Dungeon.
             The game lasted 00:28:14 (14766 turns).

thiole the Arsonist (Octopode Venom Mage)          Turns: 14766, Time: 00:28:15

Health: 0/72       AC:  5    Str:  8    XL:     11   Next: 50%
Magic:  16/19      EV: 13    Int: 21    God:    Gozag
Gold:   1299       SH:  0    Dex: 10    Spells: 10/21 levels left

rFire    + + .     SeeInvis .   b - staff of cold
rCold    + . .     Faith    .   (no shield)
rNeg     . . .     Spirit   .   (helmet restricted)
rPois    .         Reflect  .   B - amulet of magic regeneration
rElec    .         Harm     .   h - +4 ring of protection
rCorr    .         Rampage  .   C - ring of protection from fire
Will     .....                  E - ring of wizardry
Stlth    +++.......             D - ring of protection from fire
HPRegen  0.22/turn              (no ring)
MPRegen  0.41/turn              (no ring)
                                (no ring)
                                (no ring)

@: studying Shields
A: almost no armour, stealthy swim, amphibious, 8 rings, constrict 8, tentacle
spike 1, camouflage 1, clumsy 1, gelatinous body 1
a: Renounce Religion, Potion Petition, Call Merchant, Bribe Branch


You were on level 11 of the Dungeon.
You worshipped Gozag.
Gozag was most pleased with you.
You visited 2 branches of the dungeon, and saw 12 of its levels.

You collected 1429 gold pieces.
You paid 130 gold pieces to Gozag.

Inventory:

Hand Weapons
 l - a +3 dagger
 n - a +0 hunting sling
Missiles
 m - 244 stones
Magical Staves
 b - an uncursed staff of cold (weapon)
Jewellery
 g - an uncursed amulet of guardian spirit
 h - a +4 ring of protection (left tentacle)
 B - an amulet of magic regeneration (around mantle)
 C - a ring of protection from fire (right tentacle)
 D - a ring of protection from fire (on tentacle)
 E - a ring of wizardry (on tentacle)
 F - an uncursed ring of magical power {unknown}
Wands
 o - a wand of flame (37)
 s - a wand of paralysis (36)
 t - a wand of random effects (22)
 w - a wand of iceblast (11)
 x - a wand of digging (8)
 A - a wand of disintegration (9)
Scrolls
 a - 4 scrolls of magic mapping {unknown}
 d - 6 scrolls of teleportation {unknown}
 e - 10 scrolls of identify {unknown}
 f - 6 scrolls of remove curse {unknown}
 i - 2 scrolls of enchant armour {unknown}
 q - 2 scrolls of amnesia {unknown}
 r - a scroll of noise {unknown}
 y - a scroll of fog {unknown}
 z - a scroll of enchant weapon {unknown}
Potions
 c - a potion of ambrosia {unknown}
 j - 3 potions of berserk rage
 k - 2 potions of flight
 p - 2 potions of curing
 v - a potion of resistance {unknown}
Books
 u - a manual of Shields


   Skills:
 + Level 6.3 Fighting
 - Level 2.0 Dodging
 - Level 2.6 Stealth
 + Level 5.9 Spellcasting
 - Level 3.0 Conjurations
 + Level 5.1 Transmutations
 - Level 12.1 Fire Magic
 - Level 3.0 Air Magic
 - Level 8.0 Poison Magic


You had 10 spell levels left.
You knew the following spells:

 Your Spells              Type           Power        Failure   Level
a - Sting                 Tmut/Pois      100%         1%          1
b - Mephitic Cloud        Conj/Pois/Air  25%          1%          3
c - Ignite Poison         Fire/Tmut/Pois 41%          1%          3
d - Olgreb's Toxic Radia  Pois           39%          1%          4

Your spell library contained the following spells:

 Spells                   Type           Power        Failure   Level
 Passwall                 Tmut/Erth      14%          1%          2
 Poisonous Vapours        Pois/Air       58%          1%          2
 Sandblast                Erth           12%          4%          1
 Stone Arrow              Conj/Erth      24%          6%          3
 Petrify                  Tmut/Erth      17%          13%         4
 Fulminant Prism          Conj/Hex       6%           21%         4
 Cause Fear               Hex            3%           36%         4
 Lee's Rapid Deconstruct  Erth           3%           69%         5
 Discord                  Hex            3%           100%        8


Dungeon Overview and Level Annotations

Branches:
Dungeon (11/15)            Temple (1/1) D:6            Lair (0/6) D:10
    Orc: D:9-12

Altars:
Ashenzari
Cheibriados
Dithmenos
Elyvilon
Fedhas
Gozag
Hepliaklqana
Kikubaaqudgha
Makhleb
Nemelex Xobeh
Okawaru
Qazlal
Ru
Sif Muna
Trog
Uskayaw
Vehumet
Wu Jian
Xom
Yredelemnul
Zin
The Shining One

Shops:
D:5 =

Annotations:
D:5 Grinder


Innate Abilities, Weirdness & Mutations

You cannot wear most types of armour.
You are very stealthy in the water. (Stealth+)
You are amphibious.
You can wear up to eight rings at the same time.
You can use your tentacles to constrict eight enemies at once.
Your skin changes colour to match your surroundings (Stealth+).
Your rubbery body absorbs attacks. (AC +1, EV +1)
One of your tentacles bears a spike.
You are clumsy. (Dex -2)


Message History

You constrict the red ugly thing.
The red ugly thing is engulfed in blazing flames.
The red ugly thing punches you but does no damage.
You hit the red ugly thing but do no damage.
You pierce the red ugly thing.
You squeeze the red ugly thing.
The red ugly thing is heavily wounded.
You constrict the red ugly thing.
The red ugly thing is engulfed in blazing flames.
The red ugly thing punches you!
* * * LOW HITPOINT WARNING * * *
You are engulfed in flames.
You resist.
* * * LOW HITPOINT WARNING * * *
You hit the red ugly thing.
You pierce the red ugly thing, but do no damage.
The red ugly thing is severely wounded.
You constrict the red ugly thing. The red ugly thing punches you!
* * * LOW HITPOINT WARNING * * *
You are engulfed in flames.
You resist.
You die...
Your body crumbles into a pile of gold.

#<#..#'#####
#..........#
#.......##.#
#.......##.###
#..............#
#.#.......####.#
#.#.......#
#.### #
#.......# #...#
##.#.#.## #.#@#
...#.#. #.#u# ..
..#. ...○. # ..
####.○# #..#
...# ##.# .#


You could see a red ugly thing.

Vanquished Creatures
  Harold (D:7)
  4 two-headed ogres
  Pikel (D:5)
  A manticore (D:11)
  Maggie (D:7)
  Maurice (D:11)
  2 trolls
  A shadow (D:11)
  A wraith (D:11)
  3 wargs (D:10)
  Duvessa (D:7)
  A water moccasin (D:8)
  3 ice beasts (D:7)
  3 orc warriors (D:8)
  2 black bears
  2 phantoms
  7 centaurs
  4 ogres
  2 lemures (D:5)
  Blork the orc (D:6)
  7 bullfrogs
  3 scorpions
  Dowan (D:7)
  3 killer bees (D:7)
  An electric eel (D:11)
  A howler monkey (D:8)
  A hound (D:4)
  A jelly (D:7)
  7 orc priests
  A centaur skeleton (D:4)
  Ijyb (D:5)
  2 bullfrog skeletons
  2 iguanas (D:4)
  Natasha (thrice) (D:2)
  2 orc wizards
  3 worker ants
  A hound zombie (D:9)
  2 hound skeletons
  3 worker ant zombies
  2 howler monkey skeletons
  A howler monkey zombie (D:11)
  A gnoll (D:1)
  15 adders
  3 shadow imps
  2 white imps
  3 ufetubi
  2 oozes
  An adder zombie (D:8)
  An adder skeleton (D:8)
  3 worms
  A dart slug (D:1)
  5 leopard geckos
  23 orcs
  8 giant cockroaches
  7 goblins
  11 hobgoblins
  8 jackals
  2 quokkas
  3 ball pythons
  A ball python skeleton (D:4)
  6 bats
  7 frilled lizards
  7 kobolds
  A quokka skeleton (D:8)
  9 rats
220 creatures vanquished.

Notes
Turn   | Place    | Note
-------+----------+-------------------------------------------
     0 | D:1      | thiole the Octopode Venom Mage began the quest for the Orb.
     0 | D:1      | Reached XP level 1. HP: 11/11 MP: 3/3
   159 | D:1      | Reached XP level 2. HP: 17/17 MP: 5/5
   403 | D:1      | Reached XP level 3. HP: 21/21 MP: 4/6
   406 | D:1      | Reached skill level 5 in Poison Magic
   507 | D:1      | Reached skill level 1 in Fighting
  1046 | D:2      | Found a burning altar of Makhleb.
  1172 | D:2      | Noticed Natasha
  1184 | D:2      | Killed Natasha
  1185 | D:2      | Reached XP level 4. HP: 24/29 MP: 0/7
  1762 | D:2      | Noticed Natasha
  1775 | D:2      | Killed Natasha
  1776 | D:2      | Reached XP level 5. HP: 17/34 MP: 1/9
  2006 | D:2      | Found a sparkling altar of Nemelex Xobeh.
  2010 | D:2      | Found a blossoming altar of Fedhas.
  2013 | D:2      | Found a stormy altar of Qazlal.
  2601 | D:2      | Noticed Natasha
  2614 | D:2      | Killed Natasha
  3371 | D:3      | Reached skill level 1 in Fire Magic
  3371 | D:3      | Reached XP level 6. HP: 34/39 MP: 5/12
  4135 | D:4      | Reached skill level 2 in Fire Magic
  4365 | D:4      | Reached skill level 3 in Fire Magic
  4575 | D:4      | Reached skill level 1 in Conjurations
  4575 | D:4      | Reached skill level 1 in Air Magic
  4639 | D:4      | Reached XP level 7. HP: 23/45 MP: 1/13
  5178 | D:4      | Learned a level 3 spell: Mephitic Cloud
  5182 | D:4      | Learned a level 3 spell: Ignite Poison
  5187 | D:4      | Learned a level 4 spell: Olgreb's Toxic Radiance
  5465 | D:5      | Entered Level 5 of the Dungeon
  5744 | D:5      | Found Konel's Jewellery Shoppe.
  5977 | D:5      | Noticed Pikel
  5993 | D:5      | Killed Pikel
  5994 | D:5      | Reached XP level 8. HP: 49/51 MP: 3/14
  6107 | D:5      | Noticed Grinder
  6145 | D:6      | Noticed Blork the orc
  6150 | D:6      | Killed Blork the orc
  6332 | D:6      | Found a sparkling altar of Nemelex Xobeh.
  6824 | D:7      | Noticed Harold
  6827 | D:7      | Gained mutation: You passively map a small area around you.
                  | [potion of mutation]
  6827 | D:7      | Gained mutation: You are agile. (Dex +2) [potion of
                  | mutation]
  6827 | D:7      | Gained mutation: Your skin blends seamlessly with your
                  | surroundings (Stealth++). [potion of mutation]
  6827 | D:7      | Gained mutation: You are partially covered in icy blue
                  | scales. (AC +2) [potion of mutation]
  6835 | D:7      | Reached skill level 4 in Fire Magic
  6857 | D:7      | Reached skill level 5 in Fire Magic
  6861 | D:7      | Reached XP level 9. HP: 30/58 MP: 1/15
  6871 | D:7      | Killed Harold
  6872 | D:7      | Reached skill level 7 in Fire Magic
  7121 | D:7      | Reached skill level 8 in Fire Magic
  7123 | D:7      | Noticed Dowan
  7124 | D:7      | Noticed Duvessa
  7131 | D:7      | Killed Dowan
  7142 | D:7      | Killed Duvessa
  7956 | D:6      | Found a staircase to the Ecumenical Temple.
  8068 | D:7      | Reached skill level 9 in Fire Magic
  8159 | Temple   | Entered the Ecumenical Temple
  8308 | Temple   | Became a worshipper of Gozag Ym Sagoz the Greedy
  8377 | D:5      | Noticed Ijyb
  8380 | D:5      | Killed Ijyb
  8687 | D:7      | Found a broken altar of Ashenzari.
  8788 | D:7      | Noticed Maggie
  8806 | D:7      | Killed Maggie
  8807 | D:7      | Reached XP level 10. HP: 4/63 MP: 0/16
  9157 | D:7      | Found a glowing silver altar of Zin.
  9293 | D:8      | Reached skill level 10 in Fire Magic
  9783 | D:8      | Found a shadowy altar of Dithmenos.
  9947 | D:8      | Identified Xyvoess's Tome of the Oath
 10065 | D:8      | Found a sacrificial altar of Ru.
 10275 | D:8      | Found an iron altar of Okawaru.
 10693 | D:8      | Found a hazy altar of Hepliaklqana.
 10842 | D:8      | Reached skill level 11 in Fire Magic
 11195 | D:8      | Found a radiant altar of Vehumet.
 11378 | D:9      | Noticed a two-headed ogre
 11950 | D:9      | Noticed a two-headed ogre
 11979 | D:9      | Killed a two-headed ogre
 11980 | D:9      | Reached skill level 12 in Fire Magic
 12241 | D:9      | Killed a two-headed ogre
 12677 | D:10     | Entered Level 10 of the Dungeon
 12727 | D:10     | Lost mutation: You passively map a small area around you.
                  | [potion of mutation]
 12727 | D:10     | Lost mutation: You are partially covered in icy blue
                  | scales. (AC +2) [potion of mutation]
 12727 | D:10     | Lost mutation: You are agile. (Dex +2) [potion of mutation]
 12727 | D:10     | Lost mutation: Your skin blends seamlessly with your
                  | surroundings (Stealth++). [potion of mutation]
 12727 | D:10     | Gained mutation: Scrolls take you a little longer to read.
                  | [potion of mutation]
 12727 | D:10     | Lost mutation: Scrolls take you a little longer to read.
                  | [potion of mutation]
 12727 | D:10     | Gained mutation: You are clumsy. (Dex -2) [potion of
                  | mutation]
 12727 | D:10     | Gained mutation: One of your tentacles bears a spike.
                  | [potion of mutation]
 13150 | D:10     | Reached XP level 11. HP: 54/70 MP: 1/18
 13163 | D:10     | Reached skill level 5 in Fighting
 13167 | D:10     | HP: 4/106 [something (4)]
 13511 | D:10     | Found a staircase to the Lair.
 13902 | D:10     | Reached skill level 5 in Spellcasting
 14169 | D:11     | Noticed Maurice
 14172 | D:11     | Killed Maurice
 14240 | D:11     | Noticed a manticore
 14243 | D:11     | Killed a manticore
 14464 | D:11     | Noticed a two-headed ogre
 14474 | D:11     | Killed a two-headed ogre
 14657 | D:11     | Noticed a two-headed ogre
 14671 | D:11     | Killed a two-headed ogre
 14672 | D:11     | Reached skill level 5 in Transmutations
 14758 | D:11     | Noticed a red ugly thing
 14766 | D:11     | Slain by a red ugly thing

Illustrated notes

Levels and vault maps discovered:
D:1:      dpeg_arrival_tiny_h, layout_rooms
D:2:      layout_basic, old_standard_altar, minmay_overflow_temple_star_quad,
          uniq_natasha
D:3:      cheibrodos_helix_gallery, layout_rooms, minmay_misc_feat_chi
D:4:      layout_basic
D:5:      layout_loops_corners, serial_shops, nicolae_shop_waterfront,
          uniq_grinder, uniq_pikel, uniq_ijyb, uniq_menkaure
D:6:      layout_basic, temple_green, basic_altar, kennysheep_generic_room_15,
          uniq_blork_the_orc
D:7:      layout_cave_pools, ashenzari_conservatory_becter, zin_academy,
          uniq_harold, uniq_duvessa, uniq_maggie
D:8:      layout_cave_pods, okawaru_metal_pillars_3, general_overflow_altar,
          old_standard_altar, grunt_dithmenos_shadows, basic_altar,
          minmay_manual_mandibuliform
D:9:      layout_gridville
D:10:     layout_basic, erik_lair_orcish_takeover, patterned_corridor
D:11:     layout_loops_cross, minmay_crystal_water, minmay_variable_closet,
          uniq_maurice
Temple:   minmay_temple_bridge_abc

Skill      XL: |  1  2  3  4  5  6  7  8  9 10 11 |
---------------+----------------------------------+-----
Poison Magic   | 4 5 8 |  8.0
Fighting       | 2 4 6 |  6.3
Spellcasting   | 3 4 5 |  5.9
Fire Magic     | 1 3 5 9 12 | 12.1
Transmutations | 2 3 5 |  5.1
Conjurations   | 1 3 |  3.0
Air Magic      | 1 3 |  3.0
Dodging        | |  2.0
Stealth        | |  2.6

Action                   |  1- 3 |  4- 6 |  7- 9 | 10-12 || total
-------------------------+-------+-------+-------+-------++-------
Melee: Unarmed           |    27 |    49 |       |       ||    76
       Tentacles         |     6 |     9 |     9 |    16 ||    40
       Constrict         |     8 |    19 |    10 |    18 ||    55
       Dagger            |       |    13 |    72 |       ||    85
       Staff             |       |       |     4 |    96 ||   100
       Kick              |       |       |       |     8 ||     8
 Cast: Sting             |    52 |   142 |    44 |    16 ||   254
       Mephitic Cloud    |       |       |     9 |     5 ||    14
       Ignite Poison     |       |       |     9 |    51 ||    60
       Olgreb's Toxic Ra |       |       |    15 |    66 ||    81
Evoke: Wand              |       |       |    11 |     4 ||    15
  Use: Potion            |       |       |    12 |     4 ||    16
 Stab: Confused          |       |       |     1 |       ||     1
       Sleeping          |       |       |     1 |     3 ||     4
Armor: Skin              |     6 |     8 |   109 |    16 ||   139
Dodge: Dodged            |    35 |   117 |    60 |    82 ||   294
